 Dungeon Crawl Stone Soup version 0.23.2 (webtiles) character file.

Game seed: 3032827742326105046

7976 Fang the Fighter (level 11, -5/108 HPs)
             Began as a Gargoyle Berserker on Apr 1, 2019.
             Was a High Priest of Trog.
             Slain by a red ugly thing (22 damage)
             ... on level 9 of the Dungeon.
             The game lasted 00:11:23 (9721 turns).

Fang the Fighter (Gargoyle Berserker)               Turns: 9721, Time: 00:11:23

Health: -5/108     AC: 25    Str: 28    XL:     11   Next: 23%
Magic:  11/11      EV: 11    Int: 11    God:    Trog [*****.]
Gold:   493        SH:  0    Dex: 11    Spells: 10/10 levels left

rFire    . . .     SeeInvis .   w - +0 war axe
rCold    . . .     Gourm    .   (no shield)
rNeg     + . .     Faith    .   i - +0 plate armour
rPois    ∞         Spirit   .   a - +2 helmet
rElec    +         Reflect  .   (no cloak)
rCorr    .         Harm     .   (no gloves)
MR       .....                  (no boots)
Stlth    ..........             t - amulet of rage
HPRegen  0.28/turn              D - +2 ring of intelligence
MPRegen  0.12/turn              e - +2 ring of dexterity

@: berserking, very quick
A: negative energy resistance 1, electricity resistance, unbreathing,
petrification resistance, rot immunity, AC +8
a: Berserk, Trog's Hand, Brothers in Arms, Renounce Religion, Evoke Berserk Rage


You were on level 9 of the Dungeon.
You worshipped Trog.
Trog was extremely pleased with you.
You were very hungry.

You visited 2 branches of the dungeon, and saw 10 of its levels.

You collected 493 gold pieces.

Inventory:

Hand Weapons
 w - a +0 war axe (weapon)
 z - a +2 hand axe of chopping
Armour
 a - a +2 helmet (worn)
 i - a +0 plate armour (worn)
Jewellery
 e - a +2 ring of dexterity (right hand)
 p - an uncursed ring of positive energy
 t - an amulet of rage (around neck)
 D - a +2 ring of intelligence (left hand)
Wands
 h - a wand of enslavement (11)
 m - a wand of disintegration (13)
 o - a wand of iceblast (12)
 s - a wand of digging (13)
 y - a wand of random effects (23)
Scrolls
 g - 3 scrolls of identify
 l - 4 scrolls of remove curse
 v - 3 scrolls of teleportation
 A - 2 scrolls of fog
 E - a scroll of magic mapping {unknown}
Potions
 b - 2 potions of resistance
 d - 2 potions of flight
 f - a potion of cancellation
 j - 2 potions of might
 k - 2 potions of agility
 n - 2 potions of curing
 q - 2 potions of invisibility
 r - 3 potions of heal wounds {unknown}
 u - 2 potions of brilliance {unknown}
 x - a potion of magic {unknown}
 B - a potion of mutation {unknown}
 C - a potion of haste {unknown}
Comestibles
 c - 14 rations
 F - 25 chunks of flesh


   Skills:
 + Level 10.0 Fighting
 + Level 8.3 Axes
 + Level 9.6 Armour
 + Level 7.3 Dodging


You had 10 spell levels left.
You didn't know any spells.
Your spell library was empty.

Dungeon Overview and Level Annotations

Branches:
Dungeon (9/15)             Temple (1/1) D:5            Lair (0/6) D:9
    Orc (0/2) D:9

Altars:
Dithmenos
Elyvilon
Fedhas
Gozag
Hepliaklqana
Kikubaaqudgha
Makhleb
Okawaru
Qazlal
Ru
Uskayaw
Wu Jian
Xom
Beogh

Shops:
D:7 ?   D:8 ?


Innate Abilities, Weirdness & Mutations

You are resistant to torment.
Your stone body is resilient. (AC +8)
You are immune to poison.
You resist negative energy. (rN+)
You are resistant to electric shocks. (rElec)
You can survive without breathing.
You are immune to petrification.
You are immune to rotting.


Message History

You are too injured to fight recklessly!
You are too injured to fight recklessly!
You are too injured to fight recklessly!
You are too injured to fight recklessly!
You are too injured to fight recklessly!
You are too injured to fight recklessly!
You are too injured to fight recklessly!
A red film seems to cover your vision as you go berserk!
You feel yourself moving faster!
You feel mighty!
You are feeling very hungry.
The red ugly thing tail-slaps you.
* * * LOW HITPOINT WARNING * * *
You are engulfed in flames!
* * * LOW HITPOINT WARNING * * *
You slice the red ugly thing!!
The red ugly thing is moderately wounded.
The red ugly thing tail-slaps you.
* * * LOW HITPOINT WARNING * * *
You are engulfed in flames!!
You die...

#..# #+# ##.## #.# #..#
#.# #.## #.# #.# #.#
##.###
##.###########.....
######..#............###
#.....u@..#########..#
#.####.#### ##.## #.
#..# #. #.## #. #.# #.
#.# #. #.# #. #.# #####
##'#####


You could see a red ugly thing.

Vanquished Creatures
  Gastronok (D:9)
  Harold (D:7)
  A gargoyle (D:9)
  Prince Ribbit (D:9)
  A hornet (D:9)
  A meliai zombie (D:6)
  2 hippogriffs (D:9)
  A wyvern (D:7)
  A wraith (D:7)
  Grum (D:8)
  Menkaure (D:6)
  Duvessa (D:7)
  2 porcupines (D:9)
  An ice beast (D:5)
  4 ogres
  5 orc warriors
  2 black bears (D:9)
  2 wolves (D:8)
  3 phantoms
  3 centaurs
  4 bullfrogs
  A wyvern skeleton (D:8)
  Dowan (D:7)
  4 jellies
  3 howler monkeys
  5 crimson imps
  A bullfrog zombie (D:6)
  A quasit (D:9)
  A hound (D:9)
  2 centaur skeletons
  A bullfrog skeleton (D:8)
  11 orc priests
  An iguana (D:4)
  4 orc wizards
  4 worker ants
  A hound skeleton (D:4)
  A hound zombie (D:6)
  2 worker ant zombies (D:9)
  14 adders
  5 gnolls
  2 shadow imps
  An ooze (D:1)
  2 worms
  A dart slug (D:4)
  8 leopard geckos
  68 orcs
  3 giant cockroaches
  12 goblins
  7 hobgoblins
  7 jackals
  10 kobolds
  4 quokkas
  A ball python (D:1)
  6 bats
  8 frilled lizards
  A leopard gecko zombie (D:7)
  9 rats
  3 fungi (D:9)
  2 plants (D:9)
257 creatures vanquished.

Vanquished Creatures (others)
  An orc wizard (D:6)
  A fungus (D:9)
2 creatures vanquished.

Grand Total: 259 creatures vanquished

Notes
Turn   | Place    | Note
-------+----------+-------------------------------------------
     0 | D:1      | Fang the Gargoyle Berserker began the quest for the Orb.
     0 | D:1      | Reached XP level 1. HP: 14/14 MP: 1/1
   116 | D:1      | Reached XP level 2. HP: 18/19 MP: 2/2
   324 | D:1      | Reached XP level 3. HP: 23/23 MP: 3/3
   695 | D:2      | Found a faded altar of an unknown god.
   833 | D:2      | Reached ** piety under Trog
   838 | D:2      | Reached XP level 4. HP: 27/29 MP: 4/4
   854 | D:2      | Found a burning altar of Makhleb.
   857 | D:2      | Found an iron altar of Okawaru.
   972 | D:2      | Found a blossoming altar of Fedhas.
   985 | D:2      | Reached skill level 4 in Fighting
   989 | D:2      | Reached XP level 5. HP: 22/33 MP: 5/5
  1191 | D:2      | Found a stormy altar of Qazlal.
  1193 | D:2      | Found a hazy altar of Hepliaklqana.
  1522 | D:2      | Found a shimmering altar of Xom.
  1614 | D:3      | Noticed a phantom
  1643 | D:3      | Killed a phantom
  1643 | D:3      | Reached XP level 6. HP: 39/39 MP: 6/6
  1926 | D:3      | Reached *** piety under Trog
  2195 | D:4      | Noticed a phantom
  2229 | D:4      | Killed a phantom
  2281 | D:4      | Reached skill level 5 in Fighting
  2281 | D:4      | Reached XP level 7. HP: 38/44 MP: 7/7
  3001 | D:4      | Reached skill level 5 in Armour
  3455 | D:4      | Found a sacrificial altar of Ru.
  3455 | D:4      | Found a shadowy altar of Dithmenos.
  3519 | D:5      | Entered Level 5 of the Dungeon
  3730 | D:5      | Found a staircase to the Ecumenical Temple.
  3755 | Temple   | Entered the Ecumenical Temple
  3934 | D:5      | Reached XP level 8. HP: 31/51 MP: 8/8
  4309 | D:5      | Reached skill level 6 in Fighting
  4317 | D:5      | Reached skill level 5 in Axes
  5082 | D:5      | Found an opulent altar of Gozag.
  5305 | D:6      | Found a white marble altar of Elyvilon.
  5650 | D:6      | Identified the +3 rapier of the Last Blessings {pierce,
                  | +Blink rN+ Int+5 Dex-5}
  5656 | D:6      | Noticed Menkaure
  5679 | D:6      | Killed Menkaure
  5679 | D:6      | Reached XP level 9. HP: 26/56 MP: 9/9
  5975 | D:6      | Reached skill level 7 in Fighting
  6210 | D:6      | Reached **** piety under Trog
  6449 | D:7      | Noticed Dowan
  6450 | D:7      | Noticed Duvessa
  6459 | D:7      | Killed Duvessa
  6459 | D:7      | Reached skill level 5 in Dodging
  6463 | D:7      | Killed Dowan
  7173 | D:7      | Noticed Harold
  7186 | D:7      | Killed Harold
  7186 | D:7      | Reached skill level 8 in Fighting
  7348 | D:7      | Reached XP level 10. HP: 64/64 MP: 10/10
  7408 | D:7      | Found Inuenlie's Magic Scroll Boutique.
  7904 | D:8      | Found an ornate altar of the Wu Jian Council.
  8020 | D:8      | Found Byvura's Magic Scroll Shop.
  8166 | D:8      | Noticed Grum
  8181 | D:8      | Killed Grum
  8331 | D:8      | Found an ancient bone altar of Kikubaaqudgha.
  8428 | D:8      | Received a gift from Trog
  8522 | D:8      | Found a hide-covered altar of Uskayaw.
  8651 | D:9      | Noticed a gargoyle
  8665 | D:9      | Killed a gargoyle
  8669 | D:9      | Reached skill level 9 in Fighting
  8912 | D:9      | Noticed Prince Ribbit
  9009 | D:9      | Reached ***** piety under Trog
  9016 | D:9      | Found a roughly hewn altar of Beogh.
  9085 | D:9      | Noticed Gastronok
  9126 | D:9      | Killed Gastronok
  9126 | D:9      | Reached XP level 11. HP: 44/72 MP: 11/11
  9127 | D:9      | Found a staircase to the Lair.
  9588 | D:9      | Killed Prince Ribbit
  9588 | D:9      | Reached skill level 10 in Fighting
  9628 | D:9      | Found a staircase to the Orcish Mines.
  9713 | D:9      | Noticed a red ugly thing
  9721 | D:9      | Slain by a red ugly thing

Skill      XL: |  1  2  3  4  5  6  7  8  9 10 11 |
---------------+----------------------------------+-----
Axes           | 3 4 5 6 8 |  8.3
Dodging        | 2 3 4 5 7 |  7.3
Armour         | 3 4 5 6 7 9 |  9.6
Fighting       | 4 5 6 8 9 10 | 10.0

Action                   |  1- 3 |  4- 6 |  7- 9 | 10-12 || total
-------------------------+-------+-------+-------+-------++-------
Melee: Hand axe          |   125 |   232 |   247 |       ||   604
       War axe           |       |       |   228 |   384 ||   612
Invok: Berserk           |       |     4 |     7 |     4 ||    15
       Trog's Hand       |       |       |     1 |     1 ||     2
  Use: Scroll            |       |       |    14 |     2 ||    16
 Stab: Sleeping          |     1 |       |       |       ||     1
  Eat: Chunk             |       |     8 |    20 |    12 ||    40
       Ration            |       |       |     1 |       ||     1
Armor: Chain mail        |   106 |   165 |   303 |       ||   574
       Plate armour      |       |       |    13 |   331 ||   344
Dodge: Dodged            |    62 |   116 |   221 |   200 ||   599
